 Dungeon Crawl Stone Soup version 0.17-a0-1-g1f4be75 (webtiles) character file.

426 Gronka the Shield-Bearer (level 7, -3/54 HPs)
             Began as a Human Fighter on Mar 10, 2015.
             Slain by Duvessa
             ... wielding a +0 short sword
              (9 damage)
             ... on level 4 of the Dungeon on Mar 11, 2015.
             The game lasted 00:07:23 (3223 turns).

Gronka the Shield-Bearer (Human Fighter)            Turns: 3223, Time: 00:07:23

Health: -3/54      AC:  8    Str: 18    XL:     7   Next: 18%
Magic:  7/7        EV:  9    Int: 17    God:
Gold:   154        SH:  9    Dex: 13    Spells: 0 memorised, 6 levels left

rFire  . . .     SeeInvis .     a - +0 long sword
rCold  . . .     Clarity  .     b - +0 scale mail
rNeg   . . .     SustAb   .     c - +0 shield
rPois  .         Gourm    .     (no helmet)
rElec  .         Spirit   .     (no cloak)
rCorr  .         Warding  .     (no gloves)
rMut   .         Stasis   .     p - +0 pair of boots
MR     .....                    (no amulet)
Stlth  ..........               (no ring)
                                s - +4 ring of intelligence

@: brilliant, not resistant to hostile enchantments, extremely unstealthy
A: no striking features
a: no special abilities


You were on level 4 of the Dungeon.
You were not hungry.

You visited 1 branch of the dungeon, and saw 4 of its levels.

You collected 154 gold pieces.

Inventory:

Hand weapons
 a - a +0 long sword (weapon)
Armour
 b - a +0 scale mail (worn)
 c - a +0 shield (worn)
 p - a +0 pair of boots (worn)
Jewellery
 s - a +4 ring of intelligence (left hand)
Magical devices
 f - a wand of enslavement (6)
 r - a wand of magic darts (28)
Scrolls
 g - 3 scrolls of teleportation
 h - a scroll of recharging {unknown}
 i - a scroll of fog {unknown}
 k - a scroll of amnesia {unknown}
 l - 2 scrolls of blinking
 m - 2 scrolls of identify
Potions
 d - a potion of haste
 e - a potion of might
 o - 3 potions of restore abilities {unknown}
Books
 t - Sif Muna's Volume of Translocation
   (You found it on level 4 of the Dungeon)

   Spells                             Type                      Level
   a - Apportation                    Translocation                1
 u - Kikubaaqudgha's Incunabulum of Black Rituals
   (You found it on level 4 of the Dungeon)

   Spells                             Type                      Level
   a - Animate Skeleton               Necromancy                   1
 v - Vehumet's Incunabulum of Conjuration
   (You found it on level 4 of the Dungeon)

   Spells                             Type                      Level
   a - Magic Dart                     Conjuration                  1
Comestibles
 n - a royal jelly
 q - a bread ration


   Skills:
 + Level 4.0 Fighting
 + Level 3.0 Long Blades
 + Level 4.2 Armour
 + Level 3.2 Dodging
 + Level 0.2 Stealth
 + Level 4.6 Shields


You had 6 spell levels left.
You didn't know any spells.

Dungeon Overview and Level Annotations

Branches:
Dungeon (4/15)
 Temple: D:4-7

Altars:
Dithmenos
Kikubaaqudgha
Sif Muna
Vehumet
Xom
Yredelemnul
Zin

Shops:
D:4 [!

Annotations:
D:4 Duvessa


Message History

You barely miss Duvessa.
Duvessa is heavily wounded.
Duvessa completely misses you. You block Duvessa's attack.
You closely miss Duvessa.
Duvessa is heavily wounded.
Duvessa hits you but does no damage. Duvessa hits you with a short sword.
* * * LOW HITPOINT WARNING * * *
You hit Duvessa.
Duvessa is heavily wounded.
You block Duvessa's attack. x2
You completely miss Duvessa.
Duvessa is heavily wounded.
You are no longer glowing.
Duvessa barely misses you. Duvessa hits you with a short sword.
* * * LOW HITPOINT WARNING * * *
Drink which item? (? for menu, Esc to quit)
It was a potion of brilliance.
You feel clever all of a sudden. Duvessa hits you with a short sword!
You die...

##########.##....#<###.....##
# #.......#####.#.###...#..#
####...###.##...............#
##.....# #....##.#########..#
##....<###.####....#...#...##
#...............#.#.#.#.#.#
###...#########.#.#.#.#.#.#
##...# ######.#,#.#.#.#.#
##.#.## #.....@#,#.#.#.#.#
##.....####....e)#,#.#.#.#.#*
.................#,#.#.#.#..*
.......>###......#,..#...#..*
#^......# #......#########.,*
#.......# #####...,,,,,,,,,,*
###.##### ****####***,*,,*,,*
#.# *,,,,,,,* *,,,,,,**
###)## *,*****,* *,,,,,,*


You could see Duvessa (berserk).

Vanquished Creatures
  A giant frog (D:3)
  A crimson imp (D:3)
  A hound (D:4)
  Dowan (D:4)
  A giant frog skeleton (D:4)
  2 orc wizards
  Ijyb (D:3)
  7 adders
  3 worms
  4 giant geckos
  8 orcs
  11 bats
  A bat skeleton (D:4)
  8 giant cockroaches
  7 hobgoblins
  5 jackals
  A quokka (D:4)
  A giant gecko skeleton (D:4)
  6 giant newts
  4 goblins
  7 kobolds
  A quokka skeleton (D:4)
  7 rats
89 creatures vanquished.

Notes
Turn   | Place    | Note
--------------------------------------------------------------
     0 | D:1      | Gronka, the Human Fighter, began the quest for the Orb.
     0 | D:1      | Reached XP level 1. HP: 18/18 MP: 1/1
   236 | D:1      | Reached XP level 2. HP: 10/24 MP: 2/2
   377 | D:1      | Reached skill level 1 in Dodging
   469 | D:1      | Reached XP level 3. HP: 27/29 MP: 3/3
   994 | D:2      | Reached XP level 4. HP: 15/35 MP: 4/4
  1739 | D:2      | Reached XP level 5. HP: 37/41 MP: 5/5
  1997 | D:3      | Found a shimmering altar of Xom.
  1997 | D:3      | Noticed an angel
  2054 | D:3      | Reached skill level 4 in Shields
  2054 | D:3      | Reached XP level 6. HP: 20/47 MP: 6/6
  2065 | D:3      | Found a glowing silver altar of Zin.
  2230 | D:3      | Found a basalt altar of Yredelemnul.
  2270 | D:3      | Noticed Ijyb
  2298 | D:3      | Killed Ijyb
  2743 | D:4      | Reached XP level 7. HP: 20/54 MP: 7/7
  2968 | D:4      | Found a deep blue altar of Sif Muna.
  2972 | D:4      | Identified Sif Muna's Volume of Translocation
  2976 | D:4      | Found an ancient bone altar of Kikubaaqudgha.
  2980 | D:4      | Identified Kikubaaqudgha's Incunabulum of Black Rituals
  2984 | D:4      | Found a radiant altar of Vehumet.
  2988 | D:4      | Identified Vehumet's Incunabulum of Conjuration
  3042 | D:4      | Found a shadowy altar of Dithmenos.
  3158 | D:4      | Found Muohoun's Antique Armour Shop.
  3184 | D:4      | Found Xobi's Distillery.
  3197 | D:4      | Noticed Dowan
  3199 | D:4      | Noticed Duvessa
  3215 | D:4      | Killed Dowan
  3223 | D:4      | Slain by Duvessa

Action                   |  1- 3 |  4- 6 |  7- 9 || total
-------------------------+-------+-------+-------++-------
Melee: Long sword        |   125 |   313 |    46 ||   484
  Use: Potion            |       |     2 |     1 ||     3
       Scroll            |       |     4 |       ||     4
  Eat: Bread ration      |     1 |     1 |       ||     2
       Beef jerky        |       |     1 |       ||     1
